 Dungeon Crawl Stone Soup version 0.26-a0-501-g57170428f2 (webtiles) character file.

Game seed: 13753976791308120690

36066 MrRokkomies the Nimble (level 13, 0/82 HPs)
             Began as an Octopode Venom Mage on Aug 7, 2020.
             Was a High Priest of Kikubaaqudgha.
             Slain by a wolf spider simulacrum (12 damage)
             ... in an ice cave.
             The game lasted 00:54:35 (24884 turns).

MrRokkomies the Nimble (Octopode Venom Mage)       Turns: 24884, Time: 00:54:36

Health: 0/82       AC:  1    Str:  7    XL:     13   Next: 87%
Magic:  17/22      EV: 23    Int: 23    God:    Kikubaaqudgha [*****.]
Gold:   949        SH: 11    Dex: 18    Spells: 0/24 levels left

rFire    . . .     SeeInvis .   a - +8 spear "Zobi Ometi" {vamp, MR+}
rCold    + . .     Faith    .   q - +1 buckler
rNeg     . . .     Spirit   .   (helmet restricted)
rPois    +         Reflect  +   f - amulet of reflection
rElec    +         Harm     .   p - +6 ring of dexterity
rCorr    .                      R - ring of protection from cold
MR       +....                  T - ring of poison resistance
Stlth    ++++++....             (no ring)
HPRegen  0.23/turn              (no ring)
MPRegen  0.18/turn              (no ring)
                                (no ring)
                                (no ring)

@: no status effects
A: almost no armour, stealthy swim, amphibious, 8 rings, constrict 8, tentacle
spike 1, camouflage 1, frail 1, electricity resistance, gelatinous body 1
a: Receive Corpses, Torment, Renounce Religion


You were in an ice cave.
You worshipped Kikubaaqudgha.
Kikubaaqudgha was extremely pleased with you.
You visited 4 branches of the dungeon, and saw 19 of its levels.
You also visited: Ice Cave.

You collected 1133 gold pieces.
You spent 184 gold pieces at shops.

Inventory:

Hand Weapons
 a - the +8 spear "Zobi Ometi" (weapon) {vamp, MR+}
   (You bought it in a shop on level 5 of the Dungeon)

   It inflicts no extra harm, but heals its wielder when it wounds a living foe.
   It affects your resistance to hostile enchantments.
 b - a +2 short sword of draining
Missiles
 g - 53 poisoned darts (quivered)
 r - 11 atropa-tipped darts
 u - 8 javelins
 w - 23 boomerangs
 y - 5 silver javelins
 O - 8 curare-tipped darts
Armour
 q - a +1 buckler (worn)
Jewellery
 f - an amulet of reflection (around mantle)
 p - a +6 ring of dexterity (left tentacle)
 x - an uncursed amulet of regeneration
 E - an uncursed ring of stealth
 M - an uncursed amulet of guardian spirit {unknown}
 R - a ring of protection from cold (right tentacle)
 T - a ring of poison resistance (on tentacle)
Wands
 s - a wand of paralysis (17)
 A - a wand of enslavement (10)
 C - a wand of polymorph (10)
 J - a wand of acid (14)
 P - a wand of iceblast (1)
Scrolls
 e - 2 scrolls of blinking
 l - 5 scrolls of enchant armour
 n - a scroll of magic mapping
 o - 3 scrolls of immolation
 t - 3 scrolls of fog
 v - 8 scrolls of remove curse
 F - 7 scrolls of teleportation
 G - 5 scrolls of amnesia
 I - 4 scrolls of identify
 L - 2 scrolls of fear
 Q - 2 scrolls of summoning
Potions
 c - 2 potions of stabbing
 d - 2 potions of flight
 i - 4 potions of might
 j - 2 potions of magic
 k - 5 potions of lignification
 m - 8 potions of brilliance
 z - a potion of berserk rage
 D - 7 potions of ambrosia
 H - a potion of invisibility {unknown}
 K - 2 potions of cancellation {unknown}
 N - 3 potions of degeneration {unknown}
 S - 2 potions of curing


   Skills:
 - Level 10.0 Fighting
 * Level 2.3 Throwing
 + Level 12.5 Dodging
 - Level 10.0 Stealth
 - Level 4.0 Shields
 - Level 6.0 Spellcasting
 * Level 7.0 Necromancy
 - Level 3.0 Transmutations
 - Level 5.0 Air Magic
 + Level 3.9 Earth Magic
 - Level 12.0 Poison Magic


You couldn't memorise any spells.
You knew the following spells:

 Your Spells              Type           Power        Failure   Level
a - Sting                 Tmut/Pois      ####         1%          1
b - Poisonous Vapours     Pois/Air       #####.       1%          2
c - Mephitic Cloud        Conj/Pois/Air  ####....     2%          3
d - Ignite Poison         Fire/Tmut/Pois ####....     3%          3
e - Olgreb's Toxic Radia  Pois           ######..     1%          4
f - Borgnjor's Vile Clut  Necr/Erth      ####......   26%         5
g - Blink                 Tloc           N/A          13%         2
h - Dispel Undead         Necr           #####...     4%          4

Your spell library contained the following spells:

 Spells                   Type           Power        Failure   Level
 Pain                     Necr           ####         1%          1
 Corpse Rot               Necr/Air       N/A          1%          2
 Sublimation of Blood     Necr           #####.....   1%          2
 Vampiric Draining        Necr           #####.....   1%          3
 Magic Dart               Conj           #...         9%          1
 Call Imp                 Summ           #.......     13%         2
 Slow                     Hex            #.......     13%         2
 Excruciating Wounds      Necr           #####.....   13%         5
 Petrify                  Tmut/Erth      ###.....     21%         4
 Confusing Touch          Hex            #.......     26%         3
 Conjure Flame            Conj/Fire      #.......     26%         3
 Gell's Gravitas          Tloc           #.........   26%         3
 Death Channel            Necr           #####.....   58%         6
 Yara's Violent Unravell  Hex/Tmut       ##........   77%         5
 Bolt of Magma            Conj/Fire/Erth ##........   80%         5
 Iskenderun's Battlesphe  Conj           #.......     93%         5
 Metabolic Englaciation   Hex/Ice        #.........   93%         5
 Simulacrum               Ice/Necr       ###.......   97%         6
 Iron Shot                Conj/Erth      ###.......   99%         6
 Orb of Destruction       Conj           #.........   100%        7
 Spellforged Servitor     Conj/Summ      #.........   100%        7


Dungeon Overview and Level Annotations

Branches:
Dungeon (12/15)            Temple (1/1) D:5            Lair (5/6) D:10
 Shoals (0/4) Lair:4       Spider (0/4) Lair:3          Orc (1/2) D:12
  IceCv (1/1)
  Slime: Lair:5-6

Altars:
Ashenzari
Cheibriados
Dithmenos
Elyvilon
Fedhas
Gozag
Hepliaklqana
Kikubaaqudgha
Makhleb
Nemelex Xobeh
Okawaru
Qazlal
Ru
Sif Muna
Trog
Uskayaw
Vehumet
Wu Jian
Xom
Yredelemnul
Zin
The Shining One

Shops:
D:5 (   D:10 }   D:12 (   Orc:1 [

Portals:
Abyss: D:4

Annotations:
D:4 2 transporters, sking75's ghost, amateur OpBr
D:12 exclusion: obsidian statue
Lair:1 exclusion: oklob plant


Innate Abilities, Weirdness & Mutations

You cannot wear most types of armour.
You are very stealthy in the water. (Stealth+)
You are amphibious.
You can wear up to eight rings at the same time.
You can use your tentacles to constrict eight enemies at once.
Your skin changes colour to match your surroundings (Stealth+).
Your rubbery body absorbs attacks. (AC +1, EV +1)
One of your tentacles bears a spike.
You are frail. (-10% HP)
You are resistant to electric shocks. (rElec)


Message History

Kikubaaqudgha accepts your kill.
The death yak simulacrum is engulfed in blazing flames.
You reach to attack!
You hit the death yak simulacrum but do no damage.
The death yak simulacrum is lightly damaged.
The wolf spider simulacrum is engulfed in blazing flames.
The death yak simulacrum is engulfed in blazing flames.
Unknown command.
You hit the death yak simulacrum.
The death yak simulacrum is severely damaged.
The wolf spider simulacrum is engulfed in blazing flames.
The death yak simulacrum gores you! The death yak simulacrum freezes you!!
You resist. The wolf spider simulacrum hits you!!
The wolf spider simulacrum freezes you! You resist.
* * * LOW HITPOINT WARNING * * *
The wolf spider simulacrum bites you.
* * * LOW HITPOINT WARNING * * *
The wolf spider simulacrum freezes you! You resist.
You die...
Kikubaaqudgha rasps: "You have failed me!
Welcome... death!"

#### ##
##..##
##..##....##
#..°°°Z....#
....○°Z@.\.#
..##.°.....#
###....##
##..## ####


You could see a death yak simulacrum and a wolf spider simulacrum.

Vanquished Creatures
  Harold (D:7)
  2 hydras
  2 centaur warriors (D:10)
  7 two-headed ogres
  An unseen horror (D:11)
  3 oklob plants
  A deep elf mage (D:10)
  A manticore (D:11)
  An ugly thing (D:11)
  Maurice (D:10)
  5 elephants
  A black mamba (Lair:4)
  4 cane toads
  Maggie (D:6)
  A centaur skeleton (D:12)
  3 rime drakes
  3 komodo dragons
  A yaktaur (D:10)
  4 trolls
  A queen bee (Lair:2)
  3 polar bears
  Grinder (D:6)
  A tengu conjurer (D:10)
  6 slime creatures (D:12)
  7 blink frogs
  A snapping turtle (Lair:4)
  A meliai zombie (D:12)
  9 hippogriffs
  3 wyverns
  4 yaks (Lair:3)
  2 basilisks
  2 steam dragons
  A wraith (D:11)
  An acid dragon (D:12)
  6 water moccasins
  2 porcupines
  7 orc warriors
  A black bear (D:12)
  A sky beast (D:9)
  6 ice beasts
  8 ogres
  2 eyes of draining
  A phantom (D:12)
  19 wolves
  11 centaurs
  6 crocodiles
  5 big kobolds
  15 bullfrogs
  2 gnoll sergeants (D:12)
  4 scorpions
  An elephant simulacrum (IceCv)
  13 wights
  24 killer bees
  An electric eel (D:12)
  4 howler monkeys
  A quasit (D:7)
  A jelly (D:5)
  5 hounds
  8 orc priests
  Crazy Yiuf (D:6)
  A bullfrog skeleton (D:6)
  2 centaur zombies
  4 iguanas
  14 orc wizards
  A polar bear simulacrum (IceCv)
  10 worker ants
  A hound zombie (D:8)
  A howler monkey zombie (D:5)
  2 worker ant zombies
  Robin (D:2)
  3 gnolls (D:12)
  13 adders
  2 shadow imps
  A white imp (D:6)
  3 ufetubi
  2 oozes
  2 adder skeletons
  3 worms
  A dart slug (D:3)
  8 leopard geckos
  61 orcs
  4 bats
  6 giant cockroaches
  14 goblins
  12 hobgoblins
  8 jackals
  5 quokkas
  6 frilled lizards
  16 kobolds
  2 quokka zombies
  13 rats
  A fungus (Lair:4)
  A plant (Lair:1)
465 creatures vanquished.

Vanquished Creatures (collateral kills)
  A worker ant (D:11)
1 creature vanquished.

Vanquished Creatures (others)
  3 fungi (Lair:4)
3 creatures vanquished.

Grand Total: 469 creatures vanquished

Notes
Turn   | Place    | Note
-------+----------+-------------------------------------------
     0 | D:1      | MrRokkomies the Octopode Venom Mage began the quest for the
                  | Orb.
     0 | D:1      | Reached XP level 1. HP: 11/11 MP: 3/3
     0 | D:1      | Noticed a human
     0 | D:1      | Noticed a vampire
     0 | D:1      | Noticed a centaur
     5 | D:1      | Noticed a gargoyle
     5 | D:1      | Noticed a spriggan
     8 | D:1      | Noticed a vampire
     9 | D:1      | Noticed a spriggan
    12 | D:1      | Noticed a vampire
    12 | D:1      | Noticed a formicid
    14 | D:1      | Noticed a formicid
    15 | D:1      | Noticed a vine stalker
    16 | D:1      | Noticed a vampire
    16 | D:1      | Noticed a draconian
    18 | D:1      | Noticed a human
    18 | D:1      | Noticed a gargoyle
    20 | D:1      | Noticed a minotaur
    22 | D:1      | Noticed a minotaur
   666 | D:1      | Reached XP level 2. HP: 17/17 MP: 5/5
   680 | D:1      | Learned a level 2 spell: Poisonous Vapours
  1373 | D:2      | Reached XP level 3. HP: 16/21 MP: 3/6
  1753 | D:2      | Found an ornate altar of the Wu Jian Council.
  1816 | D:2      | Found a shadowy altar of Dithmenos.
  1821 | D:2      | Reached XP level 4. HP: 27/27 MP: 7/7
  1955 | D:2      | Noticed Robin
  1963 | D:2      | Killed Robin
  2566 | D:3      | Reached XP level 5. HP: 3/31 MP: 5/8
  3010 | D:3      | Reached skill level 5 in Poison Magic
  3545 | D:3      | Reached XP level 6. HP: 36/36 MP: 9/9
  3881 | D:4      | Found a transporter.
  3884 | D:4      | Found a transporter.
  3936 | D:4      | Learned a level 3 spell: Mephitic Cloud
  3940 | D:4      | Learned a level 3 spell: Ignite Poison
  4063 | D:4      | Reached skill level 1 in Shields
  4304 | D:4      | Found a one-way gate to the infinite horrors of the Abyss.
  4304 | D:4      | Noticed sking75's ghost (amateur OpBr)
  4739 | D:4      | Reached XP level 7. HP: 41/41 MP: 6/10
  5184 | D:5      | Entered Level 5 of the Dungeon
  5379 | D:5      | Reached skill level 5 in Stealth
  5867 | D:5      | Found a staircase to the Ecumenical Temple.
  5872 | Temple   | Entered the Ecumenical Temple
  6562 | Temple   | Became a worshipper of Kikubaaqudgha
  6591 | D:5      | Reached XP level 8. HP: 28/46 MP: 11/11
  6977 | D:5      | Found Quistukh's Antique Weapon Shop.
  7060 | D:5      | Bought a smoking spear for 184 gold pieces
  7060 | D:5      | Identified the +8 spear "Zobi Ometi" {vamp, MR+} (You
                  | bought it in a shop on level 5 of the Dungeon)
  7195 | D:5      | Reached skill level 1 in Air Magic
  7712 | D:6      | Noticed Grinder
  7724 | D:6      | Killed Grinder
  7724 | D:6      | Reached skill level 5 in Dodging
  7916 | D:6      | Found a runed translucent door.
  7917 | D:6      | Noticed Crazy Yiuf
  8019 | D:6      | Noticed Maggie
  8025 | D:6      | Killed Maggie
  8025 | D:6      | Reached XP level 9. HP: 30/51 MP: 12/12
  8448 | D:6      | Killed Crazy Yiuf
  8666 | D:7      | Reached * piety under Kikubaaqudgha
  8666 | D:7      | Identified Kikubaaqudgha's Guide on Black Rites
                  | (Kikubaaqudgha gifted it to you on level 7 of the Dungeon)
  8666 | D:7      | Received a gift from Kikubaaqudgha
  8867 | D:7      | Noticed Harold
  8934 | D:7      | Killed Harold
  8934 | D:7      | Reached skill level 5 in Air Magic
  9349 | D:7      | Reached XP level 10. HP: 51/56 MP: 10/13
  9915 | D:8      | Reached ** piety under Kikubaaqudgha
 10047 | D:8      | Noticed a two-headed ogre
 10068 | D:8      | Killed a two-headed ogre
 10181 | D:8      | Learned a level 4 spell: Olgreb's Toxic Radiance
 11238 | D:9      | Noticed a two-headed ogre
 11273 | D:9      | Killed a two-headed ogre
 11633 | D:9      | Reached skill level 5 in Spellcasting
 11936 | D:9      | Reached skill level 10 in Stealth
 12000 | D:9      | Noticed a two-headed ogre
 12005 | D:9      | Reached skill level 10 in Poison Magic
 12005 | D:9      | Reached XP level 11. HP: 62/62 MP: 7/18
 12007 | D:9      | Killed a two-headed ogre
 12044 | D:9      | Noticed a two-headed ogre
 12070 | D:9      | Killed a two-headed ogre
 12302 | D:10     | Entered Level 10 of the Dungeon
 12352 | D:10     | Noticed a two-headed ogre
 12371 | D:10     | Killed a two-headed ogre
 12468 | D:10     | Found a staircase to the Lair.
 12475 | D:10     | Got a transparent kite shield
 12526 | D:10     | Reached *** piety under Kikubaaqudgha
 12526 | D:10     | Identified Kikubaaqudgha's Tome of Evil (Kikubaaqudgha
                  | gifted it to you on level 10 of the Dungeon)
 12526 | D:10     | Received a gift from Kikubaaqudgha
 12546 | D:10     | Identified the cursed +0 kite shield of Articulation {rF+
                  | Str-5 Int+4} (You found it on level 10 of the Dungeon)
 12567 | D:10     | Got a dazzling flail
 12568 | D:10     | Identified the +5 flail of Nerey {flame, *Contam rN++ MR-
                  | Str+4} (You found it on level 10 of the Dungeon)
 12595 | D:10     | Gained mutation: Scrolls take you a little longer to read.
                  | [mutagenic glow]
 12608 | D:10     | Noticed a two-headed ogre
 12618 | D:10     | Killed a two-headed ogre
 12687 | D:10     | Found Yrolexaa's Gadget Shop.
 12849 | D:10     | Reached skill level 10 in Dodging
 12849 | D:10     | Noticed a centaur warrior
 12851 | D:10     | Noticed a centaur warrior
 12856 | D:10     | Killed a centaur warrior
 12856 | D:10     | Killed a centaur warrior
 13167 | D:10     | Reached skill level 5 in Fighting
 13290 | D:10     | Noticed a two-headed ogre
 13748 | D:10     | Noticed a deep elf mage
 13752 | D:10     | Killed a deep elf mage
 13767 | D:10     | Reached XP level 12. HP: 12/78 MP: 16/21
 14165 | D:11     | Noticed Maurice
 14180 | D:10     | Killed Maurice
 14323 | D:10     | Killed a two-headed ogre
 14521 | D:11     | Reached **** piety under Kikubaaqudgha
 15367 | Lair:1   | Entered Level 1 of the Lair of Beasts
 15936 | Lair:1   | Learned a level 5 spell: Borgnjor's Vile Clutch
 16657 | Lair:2   | Reached skill level 1 in Necromancy
 16685 | Lair:2   | Noticed an eight-headed hydra
 16708 | Lair:2   | Killed an eight-headed hydra
 17714 | Lair:2   | You fall into a shaft and drop 1 floor!
 18032 | Lair:2   | You fall into a shaft and drop 2 floors!
 18095 | Lair:4   | Noticed a six-headed hydra
 18360 | Lair:4   | Lost mutation: Scrolls take you a little longer to read.
                  | [potion of mutation]
 18360 | Lair:4   | Gained mutation: You are frail. (-10% HP) [potion of
                  | mutation]
 18360 | Lair:4   | Gained mutation: You are resistant to electric shocks.
                  | (rElec) [potion of mutation]
 18360 | Lair:4   | Gained mutation: One of your tentacles bears a spike.
                  | [potion of mutation]
 18376 | Lair:4   | Reached XP level 13. HP: 67/80 MP: 14/22
 18385 | Lair:4   | Reached skill level 1 in Earth Magic
 20028 | Lair:3   | Reached skill level 5 in Necromancy
 20260 | Lair:3   | Found a hole to the Spider Nest.
 21068 | Lair:4   | Found a staircase to the Shoals.
 21540 | Lair:4   | Learned a level 2 spell: Blink
 22914 | D:12     | Found a staircase to the Orcish Mines.
 22918 | D:12     | Reached ***** piety under Kikubaaqudgha
 23129 | D:12     | Reached skill level 10 in Fighting
 23200 | D:12     | Learned a level 4 spell: Dispel Undead
 23379 | D:12     | Reached skill level 1 in Throwing
 23416 | D:12     | HP: 2/82 [slime creature (17)]
 23991 | D:12     | Found an opulent altar of Gozag.
 23992 | D:12     | Found Qohaig's Weapon Boutique.
 24824 | Orc:1    | Entered Level 1 of the Orcish Mines
 24826 | Orc:1    | Found Cutwit's Armour Boutique.
 24857 | Orc:1    | Found a frozen archway.
 24879 | IceCv    | Entered an ice cave
 24884 | IceCv    | Slain by a wolf spider simulacrum

Illustrated notes

Levels and vault maps discovered:
D:1:      shiori_arrival_whats_in_store_for_you, layout_rooms
D:2:      layout_basic, nicolae_overflow_hidden_temple,
          nicolae_dithmenos_shadow_blocks, uniq_robin
D:3:      cheibrodos_old_hovel, layout_rooms
D:4:      wander_river, layout_cave_pools, serial_column_ruins,
          column_ruins_pillar_2, gammafunk_ghost_abyssal_escape,
          kennysheep_minor_cross
D:5:      layout_cave_pools, minmay_temple_entry_ruins, serial_shops, shop
D:6:      layout_basic, uniq_maggie, uniq_crazy_yiuf_cottage, uniq_grinder
D:7:      layout_loops_ring, uniq_harold
D:8:      layout_basic, minmay_misc_feat_five
D:9:      layout_basic
D:10:     layout_loops_cross, lair_entry_dummy, serial_shops, shop,
          hangedman_abyss_or_decor_passed, minivault_28
D:11:     layout_cave_pools, uniq_maurice
D:12:     statuecave_lemuel, layout_cave_pools,
          kennysheep_orc_monster_closet_entryway, serial_rivers,
          chequers_serial_rivers_micro_e, chequers_serial_rivers_large_a,
          chequers_serial_rivers_room_a, chequers_serial_rivers_room_a,
          chequers_serial_rivers_room_a, serial_shops, shop,
          grunt_gozag_breadcrumbs
Temple:   nicolae_temple_the_god_donut
Lair:1:   layout_regular_city, minmay_lair_oklob_chamber
Lair:2:   layout_layer_cave, special_room [special_room_bee]
Lair:3:   layout_loops_ring, spider_nest_entry_web_field, serial_forest,
          infiniplex_forest_clump_cross, infiniplex_forest_end_2,
          infiniplex_forest_lined_4_way, infiniplex_forest_zigzag_1,
          infiniplex_forest_clump_small, infiniplex_forest_lined_2,
          infiniplex_forest_lined_room_2, st_stairs_13,
          chequers_serial_rivers_room_b
Lair:4:   layout_misc_corridors, minmay_shoals_entry_hut, grunt_megastairs_3,
          lemuel_fruit_fields, lemuel_fruit_fields
Lair:5:   layout_loops_ring, slime_altar_1, maelrawn_ghost_gauntlet_escape,
          serial_bayou_shore_b, grunt_megastairs_2, infiniplex_staircase_pool
Orc:1:    layout_caves, portal_ice_cave_rime, serial_shops, nicolae_shop_stone,
          mines1_david
IceCv:    ice_cave_small_necro

Skill      XL: |  1  2  3  4  5  6  7  8  9 10 11 12 13 |
---------------+----------------------------------------+-----
Stealth        | 3 4 5 7 8 10 | 10.0
Poison Magic   | 4 5 7 8 9 10 11 12 | 12.0
Dodging        | 3 4 5 7 9 10 11 12 | 12.5
Transmutations | 2 3 |  3.0
Shields        | 2 3 4 |  4.0
Air Magic      | 3 5 |  5.0
Spellcasting   | 5 6 |  6.0
Fighting       | 5 8 10 | 10.0
Necromancy     | 3 7 |  7.0
Earth Magic    | 3 |  3.9
Throwing       | 2 |  2.3

Action                   |  1- 3 |  4- 6 |  7- 9 | 10-12 | 13-15 || total
-------------------------+-------+-------+-------+-------+-------++-------
Melee: Short sword       |    58 |   163 |   116 |    11 |    16 ||   364
       Constrict         |    16 |    38 |    37 |    60 |    28 ||   179
       Tentacles         |     9 |    18 |    33 |    98 |    71 ||   229
       Spear             |       |       |    76 |   478 |   322 ||   876
       Kick              |       |       |       |     3 |   126 ||   129
Throw: Dart              |       |    27 |     5 |    13 |     2 ||    47
       Throwing net      |       |       |       |     1 |       ||     1
 Cast: Sting             |    13 |    30 |    23 |    37 |     2 ||   105
       Poisonous Vapours |       |     3 |    19 |    47 |    15 ||    84
       Ignite Poison     |       |       |     1 |    31 |    16 ||    48
       Mephitic Cloud    |       |       |     1 |     7 |     8 ||    16
       Olgreb's Toxic Ra |       |       |       |    14 |    11 ||    25
       Blink             |       |       |       |       |     1 ||     1
Evoke: Wand              |       |       |     6 |    10 |    13 ||    29
  Use: Scroll            |       |     7 |    12 |     9 |     6 ||    34
       Potion            |       |     1 |     7 |     2 |     2 ||    12
 Stab: Sleeping          |    12 |    12 |    14 |    15 |    14 ||    67
       Paralysed         |       |       |     3 |    13 |       ||    16
       Distracted        |       |       |     3 |     7 |     2 ||    12
       Held in net/web   |       |       |     1 |     2 |       ||     3
       Confused          |       |       |       |     1 |       ||     1
Armor: Skin              |     3 |     8 |    10 |     3 |    34 ||    58
Dodge: Dodged            |    49 |    84 |    69 |   336 |   250 ||   788
Block: Other             |    13 |    24 |       |       |       ||    37
       Buckler           |       |    15 |    94 |   271 |   215 ||   595
       Reflection        |       |       |     6 |     9 |     5 ||    20

Table legend: (Time is in decaauts)
 A = Elapsed time spent in this place.
 B = Non-inter-level travel time spent in this place.
 C = Inter-level travel time spent in this place.
 D = Time resting spent in this place.
 E = Time spent auto-exploring this place.
 F = Levels seen in this place.
 G = Mean time per level.
                   A        B        C        D        E       F      G
               +--------+--------+--------+--------+--------+-----+--------+
         Total |  25029 |  24137 |    892 |   6950 |  13604 |  20 | 1251.4 |
       Dungeon |  16954 |  16382 |    572 |   4996 |   8651 |  12 | 1412.8 |
        Temple |    695 |    649 |     46 |      0 |    648 |   1 |  695.0 |
          Lair |   7318 |   7046 |    272 |   1951 |   4305 |   5 | 1463.6 |
  Orcish Mines |     56 |     56 |      0 |      3 |      0 |   1 |   56.0 |
      Ice Cave |      4 |      4 |      0 |      0 |      0 |   1 |    4.0 |
               +--------+--------+--------+--------+--------+-----+--------+

Top non-repeatable levels by time:
  Lair:4: 2350 daAuts
    D:12: 2081 daAuts
    D:10: 2021 daAuts
  Lair:2: 1859 daAuts
  Lair:3: 1803 daAuts
     D:4: 1738 daAuts
     D:9: 1606 daAuts
     D:5: 1417 daAuts
     D:3: 1324 daAuts
     D:8: 1296 daAuts
     D:1: 1287 daAuts
  Lair:1: 1248 daAuts
     D:2: 1231 daAuts
     D:7: 1085 daAuts
     D:6: 983 daAuts
